 Dungeon Crawl Stone Soup version 0.31.0-9-g3a7656b989 (webtiles) character file.

Game seed: 13036905281402843920

66 qw the Shooter (level 3, 0/20 HPs)
             Began as a Deep Elf Hunter on Feb 2, 2024.
             Succumbed to a goblin's poison
             ... on level 2 of the Dungeon.
             The game lasted 00:00:03 (865 turns).

qw the Shooter (Deep Elf Hunter)                     Turns: 865, Time: 00:00:03

Health: 0/20       AC:  5    Str: 10    XL:     3   Next: 96%
Magic:  5/5        EV: 11    Int: 13    God:
Gold:   45         SH:  0    Dex: 18    Spells: 2/2 levels left

rFire   . . .        a - +1 shortbow (heavy)
rCold   . . .        (shield currently unavailable)
rNeg    . . .        d - +0 ring mail
rPois   .            (no helmet)
rElec   .            (no cloak)
rCorr   .            (no gloves)
SInv    .            (no boots)
Will    .....        (no amulet)
Stlth   +            (no ring)
HPRegen 0.23/turn    (no ring)
MPRegen 0.09/turn

%: no passive effects
@: lethally poisoned (0 -> -15), about to teleport
A: no striking features
a: no special abilities


You were on level 2 of the Dungeon.
You visited 1 branch of the dungeon, and saw 2 of its levels.

You collected 45 gold pieces.


   Skills:
 - Level 1.5 Fighting
 + Level 7.4 Ranged Weapons
 - Level 2.4 Dodging
 - Level 1.2 Stealth


You had 2 spell levels left.
You didn't know any spells.
Your spell library was empty.

Inventory:

Hand Weapons
 a - a +1 heavy shortbow (weapon)
Armour
 d - a +0 ring mail (worn)

Dungeon Overview and Level Annotations

Branches:
Dungeon (2/15)

Altars:


Message History

The arrow closely misses the giant cockroach.
The giant cockroach barely misses you.
The giant cockroach bites you but does no damage.
You shoot an arrow. The arrow hits the giant cockroach!
You kill the giant cockroach!
Found a short sword.
A ribbon worm comes into view.
You shoot an arrow. The arrow hits the ribbon worm.
The ribbon worm is lightly wounded.
You shoot an arrow.
The arrow barely misses the ribbon worm.
You shoot an arrow. The arrow hits the ribbon worm!
The ribbon worm is heavily wounded.
You shoot an arrow. The arrow hits the ribbon worm!
You kill the ribbon worm!
You see here a ribbon worm corpse.
b - a scroll of teleportation A goblin comes into view.
It is wielding a +0 dagger of venom.
Found a stone staircase leading down.
You shoot an arrow. The arrow hits the goblin.
The goblin shouts!
The goblin is moderately wounded.
You shoot an arrow. The arrow barely misses the goblin.
You shoot an arrow. The arrow barely misses the goblin.
The goblin hits you but does no damage.
You are poisoned.
The goblin hits you with a +0 dagger of venom.
You are more poisoned.
You shoot an arrow. The arrow barely misses the goblin.
You feel very sick.
The goblin hits you with a +0 dagger of venom.
You are more poisoned.
The goblin hits you but does no damage.
You shoot an arrow. The arrow closely misses the goblin.
You feel extremely sick. The goblin barely misses you.
865 ||| READING scroll of teleportation.
As you read the scroll of teleportation, it crumbles to dust.
You feel strangely unstable.
You die...

#.... #.... +....
...> ### ... ..#
#.###.# .# #.g##.#
#.# #@.#.### #.#
##.....####.#
######......#.#
#.....##..#.#.#
#...........#.#
#.....##.##...##.###
#.....##.##.........
#......#.##.%##....#
#.##.#.#.....# ....#


You could see a goblin.

Vanquished Creatures
  3 gnolls (D:2)
  An adder (D:2)
  A ribbon worm (D:2)
  A ball python (D:1)
  4 endoplasms
  3 giant cockroaches
  2 goblins
  A hobgoblin (D:1)
  3 quokkas
  A bat (D:1)
  2 frilled lizards (D:1)
  3 kobolds (D:1)
  2 rats (D:1)
27 creatures vanquished.

Notes
Turn   | Place    | Note
-------+----------+-------------------------------------------
     0 | D:1      | qw the Deep Elf Hunter began the quest for the Orb.
     0 | D:1      | Reached XP level 1. HP: 12/12 MP: 3/3
     0 | D:1      | 0 ||| qw: Version: 0.3-a-155-g5e7d8dd
     0 | D:1      | 0 ||| qw: Game counter: 913
     0 | D:1      | 0 ||| qw: Melee chars always use a shield: true
     0 | D:1      | 0 ||| qw: God list: Okawaru
     0 | D:1      | 0 ||| qw: Allow faded altars: false
     0 | D:1      | 0 ||| qw: Do Orc after clearing Dungeon:15 true
     0 | D:1      | 0 ||| qw: Do second Lair branch before Depths: true
     0 | D:1      | 0 ||| qw: Lair rune preference: random
     0 | D:1      | 0 ||| qw: Goals: Normal
     0 | D:1      | 0 ||| PLANNING D:1-11
   210 | D:1      | Reached skill level 6 in Ranged Weapons
   210 | D:1      | Reached XP level 2. HP: 16/16 MP: 4/4
   667 | D:1      | 667 ||| UPGRADING to +0 ring mail.
   677 | D:1      | 677 ||| DROPPING +0 leather armour.
   678 | D:1      | 678 ||| READING scroll labelled SIUMIU AR CUJO.
   681 | D:1      | 681 ||| READING scroll labelled XEYNLU XOSCHOX.
   681 | D:1      | 681 ||| ENCHANTING +0 shortbow.
   682 | D:1      | 682 ||| READING scroll labelled HOMOSH IGEVAASHACI.
   682 | D:1      | 682 ||| BRANDING +1 shortbow.
   683 | D:1      | 683 ||| READING scroll labelled ITILUO ZIOCI.
   684 | D:1      | 684 ||| DRINKING 2 red potions.
   685 | D:1      | 685 ||| DROPPING scroll of butterflies.
   687 | D:1      | 687 ||| Stepping ~*~*~tactically~*~*~ (cloud).
   688 | D:1      | 688 ||| DRINKING potion of curing.
   688 | D:1      | 688 ||| (to cure poison)
   726 | D:2      | 726 ||| RETREEEEATING.
   727 | D:2      | 727 ||| RETREEEEATING.
   731 | D:2      | Reached XP level 3. HP: 17/20 MP: 5/5
   732 | D:2      | Reached skill level 7 in Ranged Weapons
   864 | D:2      | HP: 4/20 [poisoned by a goblin]
   865 | D:2      | 865 ||| READING scroll of teleportation.
   865 | D:2      | Succumbed to a goblin's poison

Levels and vault maps discovered:
D:1:      heliophobic_arrival_enchanted_forest, layout_loops_ring, st_stairs_13
D:2:      layout_basic, guppyfry_early_orc_mine

Skill      XL: |  1  2  3 |
---------------+----------+-----
Ranged Weapons | 6 7 |  7.4
Fighting       | |  1.5
Dodging        | |  2.4
Stealth        | |  1.2

Action                     || total
---------------------------++-------
   Fire: Shortbow          ||    71
    Use: Scroll            ||     5
         Potion            ||     2
 Armour: Leather armour    ||     4
         Ring mail         ||    13
  Dodge: Dodged            ||    21

Table legend:
 A = Non-vault XP
 B = Vault XP
 C = Vault XP percentage of total XP
 D = Non-vault monster count
 E = Vault monster count
 F = Vault count percentage of total count
                 A         B        C        D         E       F
            +---------+---------+-------+---------+---------+-------
      Total |      93 |       2 |   2.1 |      26 |       1 |   3.7
            +---------+---------+-------+---------+---------+-------
        D:1 |      24 |       2 |   7.7 |      16 |       1 |   5.9
        D:2 |      69 |       0 |   0.0 |      10 |       0 |   0.0
            +---------+---------+-------+---------+---------+-------
